 Dungeon Crawl Stone Soup version 0.17-a0-1718-g72dbe4d (webtiles) character file.

519 KINGKRU the Skirmisher (level 7, 0/62 HPs)
             Began as a Minotaur Fighter on Aug 25, 2015.
             Slain by Grinder (4 damage)
             ... on level 4 of the Dungeon.
             The game lasted 00:16:24 (3874 turns).

KINGKRU the Skirmisher (Minotaur Fighter)           Turns: 3874, Time: 00:16:24

Health: 0/62       AC:  9    Str: 23    XL:     7   Next: 1%
Magic:  6/6        EV: 11    Int:  5    God:
Gold:   140        SH:  0    Dex:  9    Spells: 0 memorised, 6 levels left

rFire  . . .     SeeInvis .     h - +0 war axe
rCold  . . .     Clarity  .     n - +3 ring mail {rPois}
rNeg   . . .     SustAt   .     (no shield)
rPois  +         Gourm    .     (helmet restricted)
rElec  .         Spirit   .     (no cloak)
rCorr  .         Warding  .     (no gloves)
rMut   .         Stasis   .     (no boots)
MR     .....                    (no amulet)
Stlth  ..........               (no ring)
                                (no ring)

@: not resistant to hostile enchantments, extremely unstealthy
A: retaliatory headbutt, horns 2
a: no special abilities


You were on level 4 of the Dungeon.
You were not hungry.

You visited 1 branch of the dungeon, and saw 4 of its levels.

You collected 140 gold pieces.

Inventory:

Hand weapons
 a - a +0 long sword
 h - a +0 war axe (weapon)
Armour
 b - a +0 scale mail
 n - a +3 ring mail of poison resistance (worn)
Scrolls
 c - 3 scrolls of remove curse
 e - 3 scrolls of enchant weapon {unknown}
 g - a scroll of fear {unknown}
 k - 3 scrolls of magic mapping {unknown}
Potions
 d - 2 potions of might
 f - a potion of magic {unknown}
 j - a potion of lignification {unknown}
Comestibles
 i - 2 meat rations


   Skills:
 + Level 5.7 Fighting
 - Level 2.5 Long Blades
 * Level 4.8 Axes
 + Level 5.6 Armour
 + Level 3.1 Dodging
 + Level 0.1 Stealth
   Level 3.6 Shields


You had 6 spell levels left.
You didn't know any spells.

Dungeon Overview and Level Annotations

Branches:
Dungeon (4/15)
 Temple: D:4-7

Altars:
Ashenzari
Elyvilon
Fedhas
Zin

Annotations:
D:4 Grinder


Innate Abilities, Weirdness & Mutations

You reflexively headbutt those who attack you in melee.
You have a pair of horns on your head.


Message History

You suddenly lose the ability to move!
Grinder hits you but does no damage. x3
Grinder gestures at you. Pain shoots through your body!
* * * LOW HITPOINT WARNING * * *
Grinder barely misses you. Grinder gestures at you.
You shrug off the repeated paralysis!
You can move again.
You hit Grinder.
Grinder is heavily wounded.
Grinder hits you.
* * * LOW HITPOINT WARNING * * *
You writhe in agony. x2
Grinder says, "My boss said I was rubbish.
His entrails said otherwise."
Grinder closely misses you.
You hit Grinder. You headbutt Grinder.
Grinder is heavily wounded.
Grinder hits you.
You die...

.######.o...###........####......
....###8...8# ##.......# #......
.....##.oo..#######...## #<>....
.....#_.oo.._#.##..#### #..#####
.....##.....##....## ### # .....#
8...8####.## # .....# ##o## #.#
## .....####### ##5# #.
..........# #.@# ### #.
########### #..# ##..### #. #.##
#.....### #. #.# #.......## #. #
########.# #........###. ##
##.....##.# #.........##. .##
#......##.# #............ ..##
##......##.# #............
...###.......#..# #...........#


You could see Grinder.

Vanquished Creatures
  An ogre (D:4)
  The ghost of tradjik the Cutter, an average KoBe of Trog (D:3)
  A jelly (D:4)
  A crimson imp (D:3)
  2 orc priests
  An iguana (D:4)
  Jessica (D:2)
  A worker ant (D:4)
  Terence (D:2)
  A hound skeleton (D:4)
  7 adders
  An ooze (D:4)
  A worm (D:2)
  2 giant geckos
  7 orcs
  2 giant cockroaches
  7 goblins
  5 hobgoblins
  2 quokkas
  3 ball pythons
  A giant gecko skeleton (D:3)
  3 giant newts
  4 jackals (D:2)
  2 kobolds
  6 rats
64 creatures vanquished.

Notes
Turn   | Place    | Note
--------------------------------------------------------------
     0 | D:1      | KINGKRU the Minotaur Fighter began the quest for the Orb.
     0 | D:1      | Reached XP level 1. HP: 19/19 MP: 0/0
   522 | D:2      | Reached skill level 4 in Fighting
   522 | D:2      | Reached XP level 2. HP: 17/27 MP: 1/1
   855 | D:2      | Noticed Terence
   866 | D:2      | Killed Terence
   866 | D:2      | Reached skill level 1 in Axes
   866 | D:2      | Reached XP level 3. HP: 26/34 MP: 2/2
  1141 | D:2      | Noticed Jessica
  1148 | D:2      | Killed Jessica
  1148 | D:2      | Reached XP level 4. HP: 25/41 MP: 3/3
  1170 | D:2      | Reached skill level 5 in Fighting
  1525 | D:3      | Reached skill level 5 in Armour
  1525 | D:3      | Reached XP level 5. HP: 40/48 MP: 4/4
  1594 | D:3      | Reached skill level 1 in Dodging
  1596 | D:3      | Found a shattered altar of Ashenzari.
  2153 | D:3      | Noticed tradjik's ghost (average KoBe)
  2177 | D:3      | Killed tradjik's ghost
  2177 | D:3      | Reached XP level 6. HP: 36/56 MP: 5/5
  2724 | D:4      | Noticed Grinder
  2732 | D:4      | Paralysed by Grinder for 2 turns
  2842 | D:4      | Found a glowing silver altar of Zin.
  2932 | D:4      | Found a white marble altar of Elyvilon.
  2934 | D:4      | Found a blossoming altar of Fedhas.
  3259 | D:4      | Paralysed by Grinder for 6 turns
  3850 | D:4      | Reached XP level 7. HP: 62/62 MP: 6/6
  3852 | D:4      | Paralysed by Grinder for 6 turns
  3866 | D:4      | Paralysed by Grinder for 7 turns
  3873 | D:4      | HP: 3/62 [Grinder (4)]
  3874 | D:4      | Slain by Grinder

Vault maps used:
D:1:      minmay_arrival_hallway
D:2:      uniq_terence, uniq_jessica
D:3:      ashenzari_conservatory_becter, first_bread
D:4:      nicolae_overflow_hidden_temple, uniq_natasha, uniq_grinder

Action                   |  1- 3 |  4- 6 |  7- 9 || total
-------------------------+-------+-------+-------++-------
Melee: Long sword        |    13 |       |       ||    13
       War axe           |    29 |   114 |     5 ||   148
  Use: Scroll            |     4 |       |       ||     4
       Potion            |       |     5 |       ||     5
  Eat: Bread ration      |     1 |     1 |       ||     2
       Beef jerky        |       |     2 |       ||     2
